 Dungeon Crawl Stone Soup version 0.23.1 (webtiles) character file.

Game seed: 2215945104119603237

102 Fang the Skirmisher (level 4, -16/43 HPs)
             Began as a Gargoyle Berserker on Mar 15, 2019.
             Was a Believer of Trog.
             Demolished by an ogre
             ... wielding a +0 giant club
              (20 damage)
             ... on level 3 of the Dungeon.
             The game lasted 00:01:13 (1707 turns).

Fang the Skirmisher (Gargoyle Berserker)            Turns: 1707, Time: 00:01:13

Health: -16/43     AC:  5    Str: 26    XL:     4   Next: 78%
Magic:  4/4        EV: 12    Int:  8    God:    Trog [**....]
Gold:   41         SH:  0    Dex:  9    Spells: 3/3 levels left

rFire    . . .     SeeInvis .   a - +0 hand axe
rCold    . . .     Gourm    .   (no shield)
rNeg     + . .     Faith    .   b - +0 animal skin
rPois    ∞         Spirit   .   (no helmet)
rElec    +         Reflect  .   (no cloak)
rCorr    .         Harm     .   (no gloves)
MR       .....                  (no boots)
Stlth    ..........             d - amulet of the acrobat
HPRegen  0.14/turn              i - ring of attention (curse)
MPRegen  0.09/turn              (no ring)

@: berserking, very quick
A: negative energy resistance 1, electricity resistance, unbreathing,
petrification resistance, rot immunity, AC +3
a: Berserk, Trog's Hand, Renounce Religion


You were on level 3 of the Dungeon.
You worshipped Trog.
Trog was pleased with you.
You were hungry.

You visited 1 branch of the dungeon, and saw 3 of its levels.

You collected 41 gold pieces.

Inventory:

Hand Weapons
 a - a +0 hand axe (weapon)
Armour
 b - a +0 animal skin (worn)
Jewellery
 d - an amulet of the acrobat (around neck)
 i - a cursed ring of attention (left hand)
 q - a +3 ring of strength {unknown}
Wands
 l - a wand of iceblast (11)
 o - a wand of polymorph (4)
Scrolls
 f - a scroll of blinking {unknown}
 g - 3 scrolls of identify {unknown}
 j - a scroll of magic mapping {unknown}
 m - a scroll of noise {unknown}
Potions
 e - 2 potions of curing {unknown}
 h - a potion of degeneration {unknown}
 k - 4 potions of lignification {unknown}
 n - a potion of haste {unknown}
 p - a potion of invisibility {unknown}
Comestibles
 c - 5 rations
 r - a chunk of flesh


   Skills:
 + Level 4.1 Fighting
 + Level 3.3 Axes
 + Level 3.2 Armour
 + Level 2.3 Dodging


You had 3 spell levels left.
You didn't know any spells.
Your spell library was empty.

Dungeon Overview and Level Annotations

Branches:
Dungeon (3/15)

Altars:


Innate Abilities, Weirdness & Mutations

You are resistant to torment.
Your stone body is resilient. (AC +3)
You are immune to poison.
You resist negative energy. (rN+)
You are resistant to electric shocks. (rElec)
You can survive without breathing.
You are immune to petrification.
You are immune to rotting.


Message History

The orc wizard blinks!
The ogre hits you with a +0 giant club!
Ouch! That really hurt!
The orc closely misses you.
You are too injured to fight recklessly!
You are too injured to fight recklessly!
You are too injured to fight recklessly!
A red film seems to cover your vision as you go berserk!
You feel yourself moving faster!
You feel mighty!
You are feeling hungry.
The ogre hits you with a +0 giant club!
* * * LOW HITPOINT WARNING * * *
The orc barely misses you.
You slash the ogre!
The ogre is heavily wounded.
You closely miss the orc. You slash the ogre!
The ogre is severely wounded.
You hit the orc. The orc barely misses you.
The ogre hits you with a +0 giant club!!
You die...

######## .
.......###############..
.......'................
.......#................
.......#.........o......
########........@O......
.................oo.....
..............o.........
........................
........................
.........)..............
........................
########................
##'########


You could see an ogre, an orc wizard and 3 orcs.

Vanquished Creatures
  Crazy Yiuf (D:2)
  4 adders (D:2)
  An ooze (D:2)
  A worm (D:2)
  2 dart slugs
  2 leopard geckos (D:2)
  4 bats
  A giant cockroach (D:1)
  4 goblins
  2 hobgoblins
  2 kobolds
  A ball python (D:1)
  2 frilled lizards
27 creatures vanquished.

Notes
Turn   | Place    | Note
-------+----------+-------------------------------------------
     0 | D:1      | Fang the Gargoyle Berserker began the quest for the Orb.
     0 | D:1      | Reached XP level 1. HP: 14/14 MP: 1/1
   178 | D:1      | Reached XP level 2. HP: 13/19 MP: 2/2
   346 | D:1      | You fall through a shaft!
   557 | D:2      | Reached XP level 3. HP: 16/24 MP: 3/3
   968 | D:2      | Reached XP level 4. HP: 29/29 MP: 4/4
  1063 | D:2      | Found a runed translucent door.
  1064 | D:2      | Noticed Crazy Yiuf
  1118 | D:2      | Reached ** piety under Trog
  1285 | D:2      | Killed Crazy Yiuf
  1285 | D:2      | Reached skill level 4 in Fighting
  1700 | D:3      | Noticed an ogre
  1707 | D:3      | Demolished by an ogre

Skill      XL: |  1  2  3  4 |
---------------+-------------+-----
Axes           | 3 |  3.3
Dodging        | 2 |  2.3
Armour         | 3 |  3.2
Fighting       | 4 |  4.1

Action                   |  1- 3 |  4- 6 || total
-------------------------+-------+-------++-------
Melee: Hand axe          |    96 |    41 ||   137
Invok: Berserk           |       |     2 ||     2
 Stab: Invisible         |       |     1 ||     1
  Eat: Chunk             |       |     4 ||     4
Armor: Animal skin       |    30 |     8 ||    38
Dodge: Dodged            |    83 |    42 ||   125
